 Dungeon Crawl Stone Soup version 0.19-a0-488-gf8766cc (webtiles) character file.

147 Delvonshi the Magician (level 5, -3/27 HPs)
             Began as a Vine Stalker Wizard on June 4, 2016.
             Killed by nerve-wracking pain
             ... invoked by Grinder
              (9 damage)
             ... on level 2 of the Dungeon.
             The game lasted 00:12:32 (2843 turns).

Delvonshi the Magician (Vine Stalker Wizard)        Turns: 2843, Time: 00:12:33

Health: -3/27      AC:  7    Str:  9    XL:     5   Next: 29%
Magic:  0/12       EV: 12    Int: 19    God:
Gold:   127        SH:  0    Dex: 13    Spells: 3 memorised, 5 levels left

rFire  . . .     SeeInvis .     m - +0 dagger
rCold  . . .     Gourm    .     a - +0 robe
rNeg   . . .     Faith    .     (no shield)
rPois  .         Spirit   +     p - +1 helmet
rElec  .         Dismiss  .     s - +0 cloak
rCorr  .         Reflect  .     (no gloves)
SustAt .         Harm     .     j - +1 pair of boots
MR     .....                    (no amulet)
Stlth  ++........               (no ring)
                                (no ring)

@: not resistant to hostile enchantments, unstealthy
A: fangs 2, regeneration 1, magic shield, antimagic bite, no device heal 3, rot
immunity
a: no special abilities


You were on level 2 of the Dungeon.
You were not hungry.

You visited 1 branch of the dungeon, and saw 3 of its levels.

You collected 127 gold pieces.

Inventory:

Hand Weapons
 m - a +0 dagger (weapon)
Armour
 a - a +0 robe (worn)
 j - a +1 pair of boots (worn)
 p - a +1 helmet (worn)
 s - a +0 cloak (worn)
Jewellery
 n - a cursed ring of teleportation {unknown}
Scrolls
 b - a scroll of amnesia {unknown}
 e - 3 scrolls of blinking {unknown}
 f - 2 scrolls of identify {unknown}
 g - 3 scrolls of remove curse {unknown}
 i - 2 scrolls of recharging {unknown}
 v - a scroll of fear {unknown}
 w - a scroll of fog {unknown}
Potions
 k - 2 potions of agility {unknown}
 l - 3 potions of curing {unknown}
 o - 2 potions of degeneration {unknown}
 q - a potion of berserk rage {unknown}
 r - a potion of brilliance {unknown}
 u - a potion of haste {unknown}
Books
 c - a book of Minor Magic

   Spells                             Type                      Level
   a - Magic Dart                     Conjuration                  1
   b - Blink                          Translocation                2
   c - Call Imp                       Summoning                    2
   d - Repel Missiles                 Charms/Air                   2
   e - Slow                           Hexes                        2
   f - Conjure Flame                  Conjuration/Fire             3
   g - Mephitic Cloud                 Conjuration/Poison/Air       3
Comestibles
 d - 2 bread rations
 h - a slice of pizza
 t - 2 meat rations


   Skills:
 + Level 2.3 Fighting
 - Level 1.5 Dodging
 - Level 2.4 Stealth
 - Level 4.1 Spellcasting
 + Level 2.5 Conjurations
   Level 1.0 Summonings
   Level 1.0 Translocations
 + Level 1.6 Fire Magic


You had 5 spell levels left.
You knew the following spells:

 Your Spells              Type           Power        Failure   Level  Hunger
a - Magic Dart            Conj           ##..         6%          1    None
b - Conjure Flame         Conj/Fire      ##......     17%         3    ###....
c - Mephitic Cloud        Conj/Pois/Air  #.......     34%         3    ###....


Dungeon Overview and Level Annotations

Branches:
Dungeon (3/15)

Altars:
Hepliaklqana
Makhleb
Uskayaw

Annotations:
D:2 Grinder


Innate Abilities, Weirdness & Mutations

You have extremely sharp teeth.
Your natural rate of healing is unusually fast.
When hurt, damage is shared between your health and your magic reserves.
Your bite disrupts and absorbs the magic of your enemies.
Potions and wands cannot restore your health.
You are immune to rotting.


Message History

Grinder is heavily wounded.
Grinder gestures at you. Pain shoots through your body!
You hit Grinder but do no damage.
Grinder is heavily wounded.
Grinder hits you.
You writhe in agony. x2
You hit Grinder.
Grinder is severely wounded.
Grinder hits you.
You writhe in agony.
You hit Grinder. You bite Grinder, but do no damage.
Grinder is severely wounded.
Grinder hits you.
You writhe in agony.
Grinder barely misses you.
You climb upwards.
There is a stone staircase leading down here.
Grinder hits you.
You writhe in agony.
* * * LOW HITPOINT WARNING * * *
Grinder gestures at you. Pain shoots through your body!
You die...

########### ##)...## ##.#.##
######### #..... #.......#
##...# #.......#
############.#
#.......########.............
#................##########..
#......>.######### ##..
#.........5.@..## ###...
#.......######..# ###...).
######### ##.######.......
#...........#.#
####........#.# #####
#..........# #...#
#######........##. #...#
#...#...##.....#..
#...#########.#.<.[..).......#


You could see Grinder.

Vanquished Creatures
  Terence (D:2)
  Robin (D:2)
  3 adders (D:2)
  2 oozes
  A worm (D:3)
  2 giant geckos (D:2)
  5 orcs (D:3)
  A giant cockroach (D:3)
  10 hobgoblins
  2 jackals (D:2)
  A quokka (D:3)
  7 bats
  3 giant newts
  14 goblins
  4 kobolds
  11 rats
68 creatures vanquished.

Notes
Turn   | Place    | Note
--------------------------------------------------------------
     0 | D:1      | Delvonshi the Vine Stalker Wizard began the quest for the Orb.
     0 | D:1      | Reached XP level 1. HP: 9/9 MP: 5/5
   295 | D:1      | Reached XP level 2. HP: 14/14 MP: 0/7
   643 | D:1      | Reached skill level 1 in Fighting
   759 | D:2      | Reached XP level 3. HP: 13/18 MP: 0/9
   853 | D:2      | Found a hazy altar of Hepliaklqana.
   865 | D:2      | Found a burning altar of Makhleb.
   920 | D:2      | Noticed Robin
   987 | D:2      | Found a hide-covered altar of Uskayaw.
  1015 | D:2      | Killed Robin
  1114 | D:2      | Noticed Terence
  1196 | D:2      | Reached XP level 4. HP: 23/23 MP: 4/10
  1225 | D:2      | Reached skill level 4 in Spellcasting
  1371 | D:1      | Learned a level 3 spell: Conjure Flame
  1375 | D:1      | Learned a level 3 spell: Mephitic Cloud
  1799 | D:2      | Killed Terence
  1799 | D:2      | Reached skill level 1 in Fire Magic
  1816 | D:2      | Reached XP level 5. HP: 18/26 MP: 4/12
  2448 | D:3      | Noticed Grinder
  2462 | D:3      | Paralysed by Grinder for 6 turns
  2594 | D:3      | Paralysed by Grinder for 4 turns
  2603 | D:3      | Paralysed by Grinder for 7 turns
  2739 | D:3      | Paralysed by Grinder for 5 turns
  2843 | D:2      | Killed from afar by Grinder

Vault maps used:
D:1:      dpeg_arrival_connections
D:2:      lemuel_doored_altar, lemuel_crystal_altar, overflow_temple_1_default,
          uniq_terence, uniq_robin
D:3:      uniq_grinder, uniq_sigmund

Skill      XL: |  1  2  3  4 |
---------------+-------------+-----
Fighting       | 1 2 |  2.3
Conjurations   | 2 |  2.5
Spellcasting   | 4 |  4.1
Fire Magic     | 1 |  1.6
Dodging        | |  1.5
Stealth        | |  2.4
Summonings     | |  1.0
Translocations | |  1.0

Action                   |  1- 3 |  4- 6 || total
-------------------------+-------+-------++-------
Melee: Unarmed           |    41 |       ||    41
       Bite              |    10 |    32 ||    42
       Dagger            |    54 |   141 ||   195
 Cast: Magic Dart        |    39 |    77 ||   116
       Conjure Flame     |       |     4 ||     4
 Stab: Sleeping          |     1 |     3 ||     4
  Eat: Chunk             |       |     5 ||     5
       Pizza             |       |     1 ||     1
Armor: Robe              |    37 |    47 ||    84
Dodge: Dodged            |    97 |    85 ||   182
